 Dungeon Crawl Stone Soup version 0.23.2 (webtiles) character file.

Game seed: 790396035593634452

34729 Borgoz the Slicer (level 14, -6/91 HPs)
             Began as a Kobold Gladiator on Apr 12, 2019.
             Was an Elder of Ashenzari.
             Engulfed by an ice statue's freezing vapour (9 damage)
             ... on level 10 of the Dungeon.
             The game lasted 00:47:34 (19125 turns).

Borgoz the Slicer (Kobold Gladiator)               Turns: 19125, Time: 00:47:34

Health: -6/91      AC: 12    Str: 15    XL:     14   Next: 14%
Magic:  21/21      EV: 27    Int: 10    God:    Ashenzari [****..]
Gold:   1054       SH:  0    Dex: 22    Spells: 18/23 levels left

rFire    . . .     SeeInvis +   a - +5 dagger (elec)
rCold    + . .     Gourm    .   (shield restricted)
rNeg     . . .     Faith    .   e - +2 leather armour {MR+}
rPois    .         Spirit   .   c - +1 helmet
rElec    .         Reflect  .   E - +0 cloak
rCorr    .         Harm     .   v - +0 pair of gloves
MR       ++...     Clarity  +   h - +0 pair of boots
Stlth    ++++......             g - amulet of regeneration
HPRegen  0.65/turn              y - ring of protection from cold
MPRegen  0.17/turn              N - +5 ring of dexterity

@: about to teleport, flying, studying Invocations
A: small, carnivore
a: Curse Item, Scrying, Renounce Religion


You were on level 10 of the Dungeon.
You worshipped Ashenzari.
Ashenzari was greatly pleased with you.
You were very full.

You visited 3 branches of the dungeon, and saw 20 of its levels.
You also visited: Gauntlet.

You collected 1054 gold pieces.

Inventory:

Hand Weapons
 a - a +5 dagger of electrocution (weapon)
 b - a +2 dagger of venom
 j - a +0 rapier of piercing
 J - a +1 short sword of freezing
Missiles
 i - a throwing net (quivered)
Armour
 c - a +1 helmet (worn)
 e - a +2 leather armour of magic resistance (worn)
 h - a +0 pair of boots (worn)
 v - a +0 pair of gloves (worn)
 E - a +0 cloak (worn)
 H - a +2 scale mail of fire resistance
 Q - the +1 scale mail "Uniejuopp" {Str+4}
   (You found it in a Gauntlet)

   It affects your strength (+4).
Jewellery
 d - an uncursed ring of ice
 g - an amulet of regeneration (around neck)
 p - an uncursed ring of poison resistance
 y - a ring of protection from cold (left hand)
 N - a +5 ring of dexterity (right hand)
Wands
 k - a wand of flame (25)
 l - a wand of enslavement (9)
 u - a wand of acid (15)
 w - a wand of digging (9)
 B - a wand of iceblast (3)
 P - a wand of disintegration (7)
Scrolls
 o - 7 scrolls of remove curse
 q - 2 scrolls of identify
 t - 2 scrolls of teleportation
 z - 2 scrolls of enchant armour
 O - 2 scrolls of magic mapping
Potions
 m - a potion of flight
 s - 4 potions of lignification
 A - 3 potions of cancellation
 C - a potion of haste
 D - 11 potions of curing
 U - a potion of heal wounds
Books
 K - a manual of Invocations
Comestibles
 f - 34 rations


   Skills:
 + Level 11.7 Fighting
 + Level 13.8 Short Blades
 - Level 2.1 Throwing
 * Level 9.0 Armour
 + Level 12.8 Dodging
 + Level 9.2 Stealth
 - Level 5.0 Spellcasting
 + Level 0.0 Hexes
 - Level 3.0 Translocations
 - Level 5.0 Evocations


You had 18 spell levels left.
You knew the following spells:

 Your Spells              Type           Power        Failure   Level  Hunger
a - Blink                 Tloc           N/A          12%         2    ##.....
b - Confuse               Hex            #.......     63%         3    ###....

Your spell library contained the following spells:

 Spells                   Type           Power        Failure   Level  Hunger
 Corona                   Hex            #......      26%         1    None
 Flame Tongue             Conj/Fire      #....        26%         1    None
 Magic Dart               Conj           #...         26%         1    None
 Shock                    Conj/Air       #...         26%         1    None
 Sting                    Conj/Pois      #...         26%         1    None
 Summon Small Mammal      Summ           #...         26%         1    None
 Call Imp                 Summ           #.......     38%         2    ##.....
 Ensorcelled Hibernation  Hex/Ice        #.....       38%         2    ##.....
 Poisonous Vapours        Pois/Air       #.....       38%         2    ##.....
 Searing Ray              Conj           #.....       38%         2    ##.....
 Slow                     Hex            #.......     38%         2    ##.....
 Swiftness                Chrm/Air       #.......     38%         2    ##.....
 Throw Flame              Conj/Fire      #.....       38%         2    ##.....
 Call Canine Familiar     Summ           #.......     63%         3    ###....
 Conjure Flame            Conj/Fire      #.......     63%         3    ###....
 Dazzling Spray           Conj/Hex       #.....       63%         3    ###....
 Inner Flame              Hex/Fire       #.......     63%         3    ###....
 Mephitic Cloud           Conj/Pois/Air  #.......     63%         3    ###....
 Static Discharge         Conj/Air       #.......     63%         3    ###....
 Summon Guardian Golem    Hex/Summ       #.......     63%         3    ###....
 Tukima's Dance           Hex            #.......     63%         3    ###....
 Force Lance              Conj/Tloc      #.......     82%         4    ####...
 Airstrike                Air            #.........   95%         4    ####...
 Fulminant Prism          Conj/Hex       #.........   95%         4    ####...
 Iskenderun's Mystic Bla  Conj           #.......     95%         4    ####...
 Olgreb's Toxic Radiance  Pois           #.......     95%         4    ####...
 Sticky Flame             Conj/Fire      #.......     95%         4    ####...
 Summon Ice Beast         Ice/Summ       #.......     95%         4    ####...
 Summon Lightning Spire   Summ/Air       #.......     95%         4    ####...
 Fireball                 Conj/Fire      #.........   100%        5    ######.
 Lightning Bolt           Conj/Air       #.........   100%        5    ######.
 Venom Bolt               Conj/Pois      #.........   100%        5    ######.


Dungeon Overview and Level Annotations

Branches:
Dungeon (14/15)            Temple (1/1) D:6            Lair (5/6) D:11
 Shoals (0/4) Lair:4       Spider (0/4) Lair:3          Orc (0/2) D:10
  Slime: Lair:5-6    Vaults: D:13-14

Altars:
Ashenzari
Cheibriados
Dithmenos
Elyvilon
Fedhas
Gozag
Hepliaklqana
Kikubaaqudgha
Makhleb
Nemelex Xobeh
Okawaru
Qazlal
Ru
Sif Muna
Trog
Uskayaw
Vehumet
Wu Jian
Xom
Yredelemnul
Zin
The Shining One

Shops:
D:12 %

Annotations:
D:10 exclusion: ice statue


Innate Abilities, Weirdness & Mutations

You are small and have problems with some larger weapons.
You are carnivorous and can eat meat at any time.


Message History

The shard of ice hits you!! You partially resist.
* * * LOW HITPOINT WARNING * * *
The orc wizard mumbles some strange words.
The orc wizard flickers and vanishes for a moment.
You are engulfed in freezing vapours.
You resist.
* * * LOW HITPOINT WARNING * * *
The ice beast misses you. The ice beast barely misses you.
The ice statue gestures at you.
The freezing blast engulfs the ice beast.
The ice beast completely resists.
The ice beast hits you.
* * * LOW HITPOINT WARNING * * *
The ice beast freezes you. You resist.
* * * LOW HITPOINT WARNING * * *
The ice statue gestures at you.
The freezing blast engulfs the ice beast.
The ice beast completely resists.
As you read the scroll of teleportation, it crumbles to dust.
You feel strangely unstable.
You are engulfed in freezing vapours.
You resist.
You die...

##...##.#.#########...([....#####
#......#.........#..............
################.###.##.########
#................
###.####.#.########
#⌠...⌠##.#.#.....#.
#.☼§§.##.#.#.###.#.
#○○☼☼.##.#.#.###.#.
#○@☼☼.##(........#.
#YYY☼.##.#.#.###.#.
#○°☼..##.#.#.# ####
#≈≈≈☼≈##.#.#.###...
#≈≈8≈≈##.......#.##
#≈≈°≈≈##...#.#.#...
#.ooo.##...#.#.#..#
#.....##..>#.#.#..#
#.....##...#.#....#


You could see an ice statue, an orc warrior, 3 ice beasts, an orc wizard
(invisible) and an orc.

Vanquished Creatures
  Gastronok (D:9)
  Frances (D:13)
  A minotaur (Gauntlet)
  Fannar (D:11)
  Harold (D:11)
  Erolcha (D:9)
  3 centaur warriors (D:13)
  2 hydras
  4 two-headed ogres
  A death yak (Lair:4)
  A queen ant (Gauntlet)
  Nergalle (D:11)
  A wizard (Gauntlet)
  3 ugly things (D:11)
  Maurice (D:9)
  A manticore (D:7)
  3 elephants
  3 centaur zombies
  A black mamba (Lair:2)
  5 spiny frogs
  A kobold demonologist (D:13)
  An efreet (D:13)
  2 trolls
  3 blink frogs (Lair:4)
  5 hornets
  7 hippogriffs
  Prince Ribbit (D:7)
  A snapping turtle (Lair:4)
  4 flying skulls (Gauntlet)
  2 wraiths
  4 yaks
  A basilisk (D:11)
  A vampire mosquito (D:11)
  3 hungry ghosts
  Menkaure (D:7)
  7 soldier ants
  An acid dragon (D:11)
  7 water moccasins
  7 porcupines
  3 ice beasts
  An orc warrior (D:11)
  3 ogres
  7 necrophages
  4 phantoms
  2 sky beasts
  3 centaurs
  6 crocodiles
  Blork the orc (D:5)
  A big kobold (D:2)
  9 bullfrogs
  A water moccasin skeleton (D:6)
  3 scorpions
  5 killer bees (D:10)
  8 wights
  3 howler monkeys
  3 electric eels (D:3)
  4 bullfrog zombies
  6 crimson imps
  7 hounds
  6 jellies
  7 orc priests
  11 orc wizards
  A bullfrog skeleton (D:13)
  5 iguanas
  9 worker ants
  A statue (D:4)
  2 hound zombies
  4 gnolls (D:9)
  16 adders
  2 shadow imps (Gauntlet)
  A white imp (Gauntlet)
  5 oozes (D:8)
  An adder skeleton (D:4)
  7 worms
  5 dart slugs
  12 leopard geckos
  48 orcs
  6 giant cockroaches
  6 goblins
  6 hobgoblins
  5 jackals (D:2)
  11 kobolds
  5 quokkas
  15 bats
  7 frilled lizards
  A jackal zombie (D:8)
  A leopard gecko skeleton (D:5)
  A leopard gecko zombie (D:5)
  A quokka skeleton (D:9)
  6 rats
  A bush (D:12)
  A plant (D:12)
391 creatures vanquished.

Vanquished Creatures (others)
  An orc (D:8)
  A plant (D:12)
2 creatures vanquished.

Grand Total: 393 creatures vanquished

Notes
Turn   | Place    | Note
-------+----------+-------------------------------------------
     0 | D:1      | Borgoz the Kobold Gladiator began the quest for the Orb.
     0 | D:1      | Reached XP level 1. HP: 12/12 MP: 1/1
    86 | D:1      | Reached XP level 2. HP: 14/18 MP: 2/2
   279 | D:1      | Reached XP level 3. HP: 4/22 MP: 3/3
   937 | D:1      | Reached skill level 1 in Armour
  1118 | D:2      | Noticed a big kobold
  1123 | D:2      | Killed a big kobold
  1123 | D:2      | Reached XP level 4. HP: 28/28 MP: 4/4
  1123 | D:2      | Reached XP level 5. HP: 32/32 MP: 5/5
  1173 | D:2      | Reached skill level 5 in Short Blades
  1859 | D:3      | Reached XP level 6. HP: 37/37 MP: 6/6
  1862 | D:3      | Found a blossoming altar of Fedhas.
  1911 | D:3      | Found a shattered altar of Ashenzari.
  1935 | D:3      | Became a worshipper of Ashenzari the Shackled
  1940 | D:3      | Found a transporter.
  1969 | D:3      | Found a transporter.
  2078 | D:3      | Reached skill level 5 in Dodging
  2699 | D:4      | Found a basalt altar of Yredelemnul.
  2865 | D:4      | Noticed a phantom
  2881 | D:4      | Killed a phantom
  2891 | D:4      | Found a radiant altar of Vehumet.
  3072 | D:4      | Reached XP level 7. HP: 39/43 MP: 7/7
  3098 | D:4      | Reached skill level 6 in Short Blades
  3167 | D:4      | Found an ancient bone altar of Kikubaaqudgha.
  3329 | D:4      | Found a white marble altar of Elyvilon.
  3510 | D:5      | Entered Level 5 of the Dungeon
  3544 | D:5      | Reached * piety under Ashenzari
  4112 | D:5      | Noticed Blork the orc
  4120 | D:5      | Killed Blork the orc
  4232 | D:5      | Reached XP level 8. HP: 47/48 MP: 8/8
  4233 | D:5      | Reached skill level 5 in Fighting
  4855 | D:6      | Reached skill level 7 in Short Blades
  5084 | D:6      | Found a bloodstained altar of Trog.
  5477 | D:6      | Found a staircase to the Ecumenical Temple.
  5549 | Temple   | Entered the Ecumenical Temple
  5665 | D:7      | Reached XP level 9. HP: 55/55 MP: 9/9
  5675 | D:7      | Reached skill level 8 in Short Blades
  5703 | D:7      | Noticed Prince Ribbit
  5704 | D:7      | Found a basalt altar of Yredelemnul.
  5713 | D:7      | Killed Prince Ribbit
  5714 | D:7      | Noticed Menkaure
  5721 | D:7      | Killed Menkaure
  5767 | D:7      | Reached ** piety under Ashenzari
  5887 | D:7      | Found an iron altar of Okawaru.
  5929 | D:7      | Noticed a manticore
  5941 | D:7      | Killed a manticore
  5941 | D:7      | Reached skill level 9 in Short Blades
  6312 | D:7      | Reached skill level 5 in Armour
  6644 | D:8      | Noticed a hippogriff
  6674 | D:8      | Killed a hippogriff
  6676 | D:8      | Reached XP level 10. HP: 19/63 MP: 10/10
  7139 | D:8      | Found a white marble altar of Elyvilon.
  8119 | D:9      | Noticed Maurice
  8142 | D:9      | Killed Maurice
  8142 | D:9      | Reached skill level 10 in Short Blades
  8250 | D:9      | Noticed a two-headed ogre
  8266 | D:9      | Killed a two-headed ogre
  8272 | D:9      | Reached *** piety under Ashenzari
  8433 | D:9      | Noticed Gastronok
  8451 | D:9      | Killed Gastronok
  8451 | D:9      | Reached skill level 11 in Short Blades
  8451 | D:9      | Reached skill level 10 in Dodging
  8451 | D:9      | Reached XP level 11. HP: 66/71 MP: 11/11
  8527 | D:9      | Noticed Erolcha
  8541 | D:9      | Killed Erolcha
  8662 | D:10     | Entered Level 10 of the Dungeon
  9175 | D:10     | Found a staircase to the Orcish Mines.
  9302 | D:10     | Learned a level 2 spell: Blink
  9791 | D:11     | Found a staircase to the Lair.
  9811 | D:11     | Reached skill level 1 in Stealth
  9828 | D:11     | Noticed a green ugly thing
  9911 | D:11     | Noticed Fannar
 10006 | D:11     | Reached skill level 1 in Evocations
 10048 | D:11     | Reached skill level 1 in Translocations
 10101 | D:11     | Reached skill level 1 in Spellcasting
 10324 | D:11     | Noticed Harold
 10340 | D:11     | Killed Harold
 10385 | D:11     | Killed a green ugly thing
 10385 | D:11     | Reached XP level 12. HP: 32/77 MP: 14/14
 10415 | D:11     | HP: 2/77 [white ugly thing (33)]
 10766 | D:11     | Reached skill level 10 in Fighting
 10766 | D:11     | Reached skill level 12 in Short Blades
 10887 | D:11     | Killed Fannar
 11179 | D:11     | Noticed Nergalle
 11559 | D:11     | Killed Nergalle
 11969 | D:12     | Found Taapafas's Food Shoppe.
 11969 | D:12     | Noticed a five-headed hydra
 11981 | D:12     | Killed a five-headed hydra
 12241 | D:12     | Got the cursed falchion of Havoc {slice, Dex+3}
 12260 | D:12     | Found a blossoming altar of Fedhas.
 12270 | D:12     | Noticed a two-headed ogre
 12277 | D:12     | Killed a two-headed ogre
 12277 | D:12     | Reached skill level 5 in Stealth
 12507 | D:13     | Found a burning altar of Makhleb.
 12513 | D:13     | Noticed a centaur warrior
 12534 | D:13     | Killed a centaur warrior
 12986 | D:13     | Noticed a two-headed ogre
 12999 | D:13     | Killed a two-headed ogre
 13049 | D:13     | Paralysed by a hornet for 1 turns
 13116 | D:13     | Noticed a centaur warrior
 13127 | D:13     | Reached XP level 13. HP: 53/83 MP: 19/19
 13135 | D:13     | Killed a centaur warrior
 13421 | D:13     | Noticed a centaur warrior
 13433 | D:13     | Killed a centaur warrior
 13433 | D:13     | Reached skill level 5 in Evocations
 13522 | D:13     | Noticed Frances
 13523 | D:13     | Reached **** piety under Ashenzari
 13529 | D:13     | Killed Frances
 13529 | D:13     | Reached skill level 13 in Short Blades
 13781 | D:14     | Noticed a centaur warrior
 13781 | D:14     | Noticed a five-headed hydra
 13781 | D:14     | Noticed a six-headed hydra
 13845 | Lair:1   | Entered Level 1 of the Lair of Beasts
 14057 | Lair:1   | Reached skill level 5 in Spellcasting
 14364 | Lair:1   | Noticed an eight-headed hydra
 14374 | Lair:1   | Killed an eight-headed hydra
 16099 | Lair:3   | Found a hole to the Spider Nest.
 16567 | Lair:4   | Found a gate leading to a gauntlet.
 16600 | Gauntlet | Entered a Gauntlet
 16600 | Gauntlet | Found a transporter.
 16600 | Gauntlet | Found a transporter.
 16600 | Gauntlet | Found a transporter.
 16600 | Gauntlet | Noticed a catoblepas
 16602 | Gauntlet | Found a transporter.
 16605 | Gauntlet | Found a transporter.
 16616 | Gauntlet | Found a transporter.
 16637 | Gauntlet | Found a transporter.
 16658 | Gauntlet | Found a transporter.
 16675 | Gauntlet | Found a transporter.
 16683 | Gauntlet | Found a transporter.
 16700 | Gauntlet | Found a transporter.
 16750 | Gauntlet | Noticed a green death
 16751 | Gauntlet | Found a transporter.
 16752 | Gauntlet | Found the +3 crown of Dyrovepreva {rElec Int+2 SInv}
 17395 | Gauntlet | Reached XP level 14. HP: 85/90 MP: 21/21
 17436 | Gauntlet | Noticed a minotaur
 17444 | Gauntlet | Killed a minotaur
 17457 | Gauntlet | Got the uncursed scale mail "Uniejuopp" {Str+4}
 17653 | Lair:4   | Found a staircase to the Shoals.
 17775 | Lair:4   | Reached ***** piety under Ashenzari
 18627 | D:3      | Identified the +1 scale mail "Uniejuopp" {Str+4} (You found
                  | it in a Gauntlet)
 18657 | D:3      | Learned a level 3 spell: Confuse
 19124 | D:10     | HP: 3/91 [ice beast[an ice statue] (5)]
 19125 | D:10     | Engulfed by an ice statue's freezing vapour

Skill      XL: |  1  2  3  4  5  6  7  8  9 10 11 12 13 14 |
---------------+-------------------------------------------+-----
Dodging        | 4 5 6 7 8 10 11 12 | 12.8
Armour         | 1 2 3 4 5 6 7 8 9 |  9.0
Fighting       | 3 4 6 7 9 10 11 | 11.7
Short Blades   | 5 6 7 9 11 12 13 | 13.8
Stealth        | 3 6 8 9 |  9.2
Evocations     | 2 4 5 |  5.0
Translocations | 2 3 |  3.0
Spellcasting   | 1 4 5 |  5.0
Throwing       | |  2.1

Action                   |  1- 3 |  4- 6 |  7- 9 | 10-12 | 13-15 || total
-------------------------+-------+-------+-------+-------+-------++-------
Melee: Rapier            |    44 |       |       |       |       ||    44
       Dagger            |    30 |   159 |   258 |   715 |   644 ||  1806
Throw: Throwing net      |     1 |       |     1 |    26 |     8 ||    36
 Cast: Blink             |       |       |       |     4 |       ||     4
Evoke: Wand              |       |       |       |     6 |     5 ||    11
  Use: Scroll            |     2 |     3 |     5 |    11 |     6 ||    27
       Potion            |       |       |     4 |     7 |     4 ||    15
 Stab: Sleeping          |     1 |    10 |     3 |    18 |    13 ||    45
       Invisible         |       |       |     1 |       |       ||     1
       Held in net/web   |       |       |       |    14 |     6 ||    20
       Paralysed         |       |       |       |     2 |       ||     2
       Distracted        |       |       |       |     1 |       ||     1
  Eat: Chunk             |     3 |    12 |     8 |    29 |    18 ||    70
Armor: Leather armour    |     9 |    26 |    22 |    66 |     7 ||   130
       Skin              |       |       |     6 |       |       ||     6
       Scale mail        |       |       |       |       |    94 ||    94
Dodge: Dodged            |    64 |   120 |   146 |   394 |   427 ||  1151
